 Dungeon Crawl Stone Soup version 0.27.1-1-g398f81649c (webtiles) character file.

Game seed: 4756188790930932337

1939 TheGamechu the Grappler (level 8, -7/80 HPs)
             Began as a Troll Berserker on Sept 10, 2021.
             Was a Priest of Trog.
             Mangled by an orc warrior (17 damage)
             ... on level 6 of the Dungeon.
             The game lasted 00:28:43 (4436 turns).

TheGamechu the Grappler (Troll Berserker)           Turns: 4436, Time: 00:28:45

Health: -7/80      AC:  6    Str: 32    XL:     8   Next: 98%
Magic:  7/7        EV: 10    Int:  3    God:    Trog [***...]
Gold:   178        SH:  5    Dex:  9    Spells: 7/7 levels left

rFire    + . .     SeeInvis .     - Unarmed
rCold    . . .     Faith    .   (no shield)
rNeg     . . .     Spirit   .   r - +0 troll leather armour {Purgy}
rPois    .         Reflect  +   (helmet restricted)
rElec    .         Harm     .   (no cloak)
rCorr    .         Rampage  .   (gloves unavailable)
Will     .....                  (boots unavailable)
Stlth    +.........             q - amulet of reflection
HPRegen  2.23/turn              e - ring of the Tusks {rF+ Str+4}
MPRegen  0.10/turn              (no ring)

@: lethally poisoned (-7 -> -8)
A: large, unfitting armour, claws 3, regeneration 1, shaggy fur 1, tough skin 1
a: Renounce Religion, Berserk, Trog's Hand


You were on level 6 of the Dungeon.
You worshipped Trog.
Trog was most pleased with you.
You visited 1 branch of the dungeon, and saw 7 of its levels.
You also visited: Sewer.

You collected 178 gold pieces.

Inventory:

Missiles
 d - 286 stones (quivered)
 h - 4 large rocks
 j - 4 javelins
 l - 5 silver boomerangs
 w - 7 curare-tipped darts
 x - 2 throwing nets
Armour
 p - a +1 robe of positive energy
 r - a +0 troll leather armour (worn) {Purgy}
Jewellery
 e - the ring of the Tusks (left claw) {rF+ Str+4}
   (You acquired it on level 5 of the Dungeon)

   [ring of protection from fire]

   Str:       It affects your strength (+4).
   rF:        It protects you from fire.
 q - an amulet of reflection (around neck)
Wands
 m - a wand of paralysis (11)
 u - a wand of iceblast (12)
Scrolls
 a - 5 scrolls of identify
 n - a scroll of torment {unknown}
 o - a scroll of teleportation
 s - a scroll of enchant weapon
 t - a scroll of vulnerability {unknown}
 v - a scroll of amnesia {unknown}
Potions
 b - 4 potions of haste
 c - a potion of flight {unknown}
 f - 3 potions of berserk rage {unknown}
 g - a potion of invisibility {unknown}
 i - 6 potions of heal wounds {unknown}
 k - a potion of resistance {unknown}
 z - a potion of curing {unknown}


   Skills:
 + Level 5.0 Fighting
 + Level 4.3 Throwing
 + Level 5.0 Dodging
 * Level 8.0 Unarmed Combat


You had 7 spell levels left.
You didn't know any spells.
Your spell library was empty.

Dungeon Overview and Level Annotations

Branches:
Dungeon (7/15)              Sewer (visited)
 Temple: D:4-7

Altars:
Trog

Annotations:
D:7 Maggie


Innate Abilities, Weirdness & Mutations

You are too large for most types of armour.
You have claws for hands.
Your natural rate of healing is unusually fast.
You are covered in fur. (AC +1)
You have tough skin. (AC +1)


Message History

You are poisoned.
The killer bee poisons you! The killer bee stings you.
You are more poisoned.
The killer bee poisons you! The orc barely misses you.
The orc warrior barely misses you. The killer bee barely misses you.
You block the killer bee's attack.
There is a stone staircase leading up, spattered with blood here.
You feel very sick. The killer bee barely misses you.
The killer bee stings you. The orc closely misses you.
The orc warrior hits you with a +0 scimitar.
The killer bee closely misses you.
The killer bee stings you but does no damage.
You climb upwards.
You feel very sick.
There is a stone staircase leading down, spattered with blood here.
You miss the killer bee.
You feel sick. The killer bee stings you.
You are more poisoned.
The killer bee poisons you! You block the killer bee's attack.
The orc barely misses you.
The orc warrior hits you with a +0 scimitar!
You barely miss the killer bee.
You feel sick. You block the killer bee's attack.
The killer bee stings you but does no damage.
The orc misses you. The killer bee closely misses you.
The killer bee stings you.
* * * LOW HITPOINT WARNING * * *
You miss the killer bee.
You feel sick. The killer bee stings you.
* * * LOW HITPOINT WARNING * * *
The killer bee stings you.
* * * LOW HITPOINT WARNING * * *
The orc warrior barely misses you. The orc hits you with a +0 flail.
* * * LOW HITPOINT WARNING * * *
The killer bee barely misses you. The killer bee stings you!
* * * LOW HITPOINT WARNING * * *
You completely miss the killer bee.
You feel sick. The killer bee closely misses you.
The killer bee stings you but does no damage.
The orc warrior hits you with a +0 scimitar!
You die...

.##..#...#..#######......#......#
.##..#...#.##.._..##.....#......#
[##..##..###.≈[.[≈.########..####
.##..##..###.≈≈.≈≈.####..##..####
..#..#.....#..≈.≈..#.............
.##..#.....##.≈[≈.##.............
.##..##.....###[###..........##..
.######...##.##y###..........##..
.....##...##...y@##..##..##..##..
.##..#######.[.oo##..##..##..##..
.##........'.....#........#..##..
.##..##....#.....#........#..##..
.##..##...##.....##..##...'......
.#...##...##...<.######..##......
.#...#............#..##..###'####
.#...#............#...'..##..##..
.##..##..........##..##..#.......


You could see an orc warrior, 2 killer bees and an orc.

Vanquished Creatures
  A troll (D:5)
  Sigmund (D:3)
  A steam dragon (D:4)
  A black bear (D:6)
  Purgy (Sewer)
  An ice beast (D:5)
  2 ogres (D:6)
  A phantom (D:6)
  A bullfrog (D:6)
  A scorpion (D:6)
  4 killer bees (D:6)
  A howler monkey (D:6)
  A centaur zombie (D:6)
  A bullfrog zombie (D:3)
  An orc priest (D:3)
  2 hounds
  2 jellies
  A centaur skeleton (D:6)
  3 iguanas
  An orc wizard (D:3)
  A gnoll (D:1)
  A howler monkey skeleton (D:6)
  12 adders
  A white imp (D:5)
  An ufetubus (D:5)
  An adder zombie (D:1)
  2 worms
  5 dart slugs
  9 orcs
  5 ball pythons
  5 bats
  2 endoplasms
  9 giant cockroaches
  7 goblins
  7 hobgoblins
  12 jackals
  8 kobolds
  2 quokkas
  2 frilled lizards (Sewer)
  A giant cockroach zombie (D:1)
  2 rats (D:3)
123 creatures vanquished.

Notes
Turn   | Place    | Note
-------+----------+-------------------------------------------
     0 | D:1      | TheGamechu the Troll Berserker began the quest for the Orb.
     0 | D:1      | Reached XP level 1. HP: 22/22 MP: 0/0
    75 | D:1      | Reached XP level 2. HP: 24/29 MP: 1/1
   468 | D:1      | Reached XP level 3. HP: 34/36 MP: 2/2
   987 | D:2      | Found a faded altar of an unknown god.
  1303 | D:2      | Reached XP level 4. HP: 38/44 MP: 3/3
  1720 | D:3      | Reached skill level 4 in Unarmed Combat
  1767 | D:3      | Reached ** piety under Trog
  1774 | D:3      | Reached skill level 1 in Throwing
  1776 | D:3      | Reached XP level 5. HP: 50/53 MP: 4/4
  2133 | D:3      | Noticed Sigmund
  2142 | D:3      | Killed Sigmund
  2143 | D:3      | Reached skill level 5 in Unarmed Combat
  2143 | D:3      | Reached XP level 6. HP: 61/61 MP: 5/5
  2652 | D:4      | Noticed a steam dragon
  2665 | D:4      | Killed a steam dragon
  2666 | D:4      | Reached XP level 7. HP: 68/68 MP: 6/6
  3046 | D:5      | Entered Level 5 of the Dungeon
  3052 | D:5      | Identified a scroll of acquirement
  3052 | D:5      | Acquired the ring of the Tusks {rF+ Str+4}
  3156 | D:5      | Found a glowing drain.
  3199 | Sewer    | Entered a sewer
  3257 | Sewer    | Reached *** piety under Trog
  3297 | Sewer    | Noticed Purgy
  3303 | Sewer    | Killed Purgy
  3304 | Sewer    | Reached skill level 6 in Unarmed Combat
  3451 | D:5      | Identified the -5 kite shield of Starshine {+Inv Will+
                  | rCorr}
  3582 | D:5      | Noticed a troll
  3592 | D:5      | Killed a troll
  3593 | D:5      | Reached XP level 8. HP: 78/78 MP: 7/7
  3850 | D:6      | Reached skill level 7 in Unarmed Combat
  4011 | D:6      | Found a bloodstained altar of Trog.
  4347 | D:7      | Noticed Maggie
  4394 | D:6      | Reached skill level 5 in Dodging
  4404 | D:6      | Reached skill level 5 in Fighting
  4404 | D:6      | Reached skill level 8 in Unarmed Combat
  4436 | D:6      | Mangled by an orc warrior

Illustrated notes

Levels and vault maps discovered:
D:1:      saegor_arrival_fortress, layout_basic, minmay_misc_feat_more_columns
D:2:      layout_loops_cross, serial_co_window_serial, co_window_cross_1,
          co_window_corner_a, co_window_paths_b, co_window_paths_b,
          co_window_paths_b, co_window_corner_b, co_window_broadway_c,
          co_window_2corner, co_window_sun, ebering_ecumenical_altar_mist,
          minivault_23
D:3:      layout_loops_ring, uniq_sigmund
D:4:      cheibrodos_helix_gallery, layout_loops_ring
D:5:      layout_rooms, gup_sewer_entry_glass, fountainhead
D:6:      layout_gridville, trog_hazing_becter, serial_park_tiny_1
D:7:      layout_cave_pools, minmay_temple_entry_sparse_star, serial_shops,
          shop, uniq_maggie

Skill      XL: |  1  2  3  4  5  6  7  8 |
---------------+-------------------------+-----
Fighting       | 3 4 5 |  5.0
Dodging        | 3 4 5 |  5.0
Unarmed Combat | 4 5 6 8 |  8.0
Throwing       | 1 2 3 4 |  4.3

Action                   |  1- 3 |  4- 6 |  7- 9 || total
-------------------------+-------+-------+-------++-------
Melee: Unarmed           |    93 |    59 |   150 ||   302
       Punch             |     2 |       |     4 ||     6
Throw: Stone             |     4 |    23 |     1 ||    28
       Javelin           |       |     9 |       ||     9
       Boomerang         |       |     4 |       ||     4
       Large rock        |       |       |    20 ||    20
Invok: Berserk           |     1 |     1 |     1 ||     3
       Trog's Hand       |       |     2 |       ||     2
  Use: Scroll            |       |       |     9 ||     9
 Stab: Sleeping          |       |     1 |     1 ||     2
Armor: Animal skin       |    17 |       |       ||    17
       Robe              |    19 |    18 |    17 ||    54
       Troll leather arm |       |       |    31 ||    31
Dodge: Dodged            |    51 |    24 |    79 ||   154
Block: Other             |       |       |    29 ||    29
       Reflection        |       |       |     1 ||     1
